 Dungeon Crawl Stone Soup version 0.25-a0-1073-gf4359a17dd (webtiles) character file.

Game seed: 9247536650612827617, levelgen mode: deterministic

43 Lanoc the Chopper (level 3, -3/32 HPs)
             Began as a Deep Dwarf Skald on May 14, 2020.
             Killed from afar by Sigmund (7 damage)
             ... with a magic dart
             ... on level 2 of the Dungeon.
             The game lasted 00:03:20 (1724 turns).

Lanoc the Chopper (Deep Dwarf Skald)                Turns: 1724, Time: 00:03:21

Health: -3/32      AC:  3    Str: 14    XL:     3   Next: 37%
Magic:  2/5        EV: 12    Int: 13    God:
Gold:   149        SH:  0    Dex: 13    Spells: 2/5 levels left

rFire    . . .     SeeInvis .   a - +0 hand axe
rCold    . . .     Gourm    .   (no shield)
rNeg     . . .     Faith    .   b - +0 leather armour
rPois    .         Spirit   .   (no helmet)
rElec    .         Reflect  .   (no cloak)
rCorr    .         Harm     .   (no gloves)
MR       .....                  (no boots)
Stlth    +.........             (no amulet)
HPRegen  0.00/turn              (no ring)
MPRegen  0.09/turn              (no ring)

@: infused (expiring), singing, flying, very slightly contaminated,
non-regenerating, invisible
A: damage resistance, heal wounds, sense surroundings 1, no regeneration
a: Heal Wounds


You were on level 2 of the Dungeon.
You were not hungry.

You visited 1 branch of the dungeon, and saw 2 of its levels.

You collected 149 gold pieces.

Inventory:

Hand Weapons
 a - a +0 hand axe (weapon)
Armour
 b - a +0 leather armour (worn)
Scrolls
 c - 3 scrolls of magic mapping {unknown}
 e - 5 scrolls of identify {unknown}
 g - a scroll of immolation {unknown}
 h - a scroll of fear {unknown}
 j - a scroll of remove curse {unknown}
 l - a scroll of enchant armour {unknown}
Potions
 f - a potion of invisibility
Comestibles
 d - 4 rations
 k - 2 chunks of flesh


   Skills:
 + Level 2.1 Fighting
 * Level 3.0 Axes
 + Level 1.7 Armour
 + Level 2.6 Dodging
 - Level 1.7 Spellcasting
 + Level 2.9 Charms


You had 2 spell levels left.
You knew the following spells:

 Your Spells              Type           Power        Failure   Level  Hunger
a - Infusion              Chrm           #...         10%         1    ##.....
b - Song of Slaying       Chrm           #.......     14%         2    ###....

Your spell library contained the following spells:

 Spells                   Type           Power        Failure   Level  Hunger
 Shroud of Golubria       Chrm/Tloc      #.....       26%         2    ###....
 Ozocubu's Armour         Chrm/Ice       #.......     45%         3    ####...
 Spectral Weapon          Hex/Chrm       #.......     45%         3    ####...


Dungeon Overview and Level Annotations

Branches:
Dungeon (2/15)

Altars:
Ru

Annotations:
D:2 Sigmund


Innate Abilities, Weirdness & Mutations

You are resistant to damage.
You can heal yourself by infusing magical energy.
You passively map a small area around you.
You do not regenerate.


Message History

You fade into invisibility!
Sigmund casts a spell at you. The puff of flame hits you.
* * * LOW HITPOINT WARNING * * *
You are very lightly contaminated with residual magic.
It was a potion of flight.
You feel very buoyant.
You fly up into the air.
Sigmund barely misses you.
You closely miss Sigmund.
Sigmund is heavily wounded.
Sigmund hits you with a +1 scythe of protection.
* * * LOW HITPOINT WARNING * * *
You barely miss Sigmund.
Sigmund is heavily wounded.
Your magical infusion is running out.
You bump into the metal wall.
You feel less confused. Sigmund gestures at you while chanting.
The magic dart hits you!
You die...

#...#.....#.###.....##.....#
, ,,#..##.#...#
#.....##......
**#..##.#######
##^##.##......
#..##........##...####......
#>..........##.....###......
#...........#.....รท.#.......
#...#######....._.......... *
####..#
#.....#.......######.,
####.....#
#....@##.....##...#
......##.#
#.....@##...##....#
......##.#
#.......##.##.....# *
......##.#
#.......#.........#* *
......##..
#.......#####.#.....
......##.#*#.......#
#.#.####,
..##.#.............# #...# *
#.##(#.#.###.......# ##..# ,
#.##(#.# # * ######..# *


You could see Sigmund.

Vanquished Creatures
  A dart slug (D:1)
  A leopard gecko (D:1)
  2 giant cockroaches (D:1)
  5 goblins (D:1)
  8 hobgoblins
  6 kobolds
  A quokka (D:2)
  3 bats
  3 frilled lizards (D:1)
  8 rats
38 creatures vanquished.

Notes
Turn   | Place    | Note
-------+----------+-------------------------------------------
     0 | D:1      | Lanoc the Deep Dwarf Skald began the quest for the Orb.
     0 | D:1      | Reached XP level 1. HP: 19/19 MP: 3/3
   106 | D:1      | Reached XP level 2. HP: 26/26 MP: 0/4
   461 | D:1      | Learned a level 2 spell: Song of Slaying
   841 | D:1      | Reached XP level 3. HP: 20/32 MP: 2/5
  1425 | D:2      | Reached skill level 3 in Axes
  1677 | D:2      | Found a sacrificial altar of Ru.
  1712 | D:2      | Noticed Sigmund
  1724 | D:2      | Killed from afar by Sigmund

Illustrated notes

Levels and vault maps discovered:
D:1:      lemuel_arrival_tunnels, layout_loops_ring,
          wander_ebering_terrifying_dragon_lair
D:2:      layout_basic, lemuel_round_altar, uniq_sigmund

Skill      XL: |  1  2  3 |
---------------+----------+-----
Fighting       | 2 |  2.1
Axes           | 3 |  3.0
Armour         | |  1.7
Dodging        | |  2.6
Spellcasting   | |  1.7
Charms         | |  2.9

Action                   || total
-------------------------++-------
Melee: Hand axe          ||   115
 Cast: Infusion          ||    20
       Song of Slaying   ||     3
  Use: Potion            ||     2
  Eat: Chunk             ||     3
Armor: Leather armour    ||    27
Dodge: Dodged            ||    87

Table legend:
 A = Non-vault XP
 B = Vault XP
 C = Vault XP percentage of total XP
 D = Non-vault monster count
 E = Vault monster count
 F = Vault count percentage of total count
                 A         B        C        D         E       F
            +---------+---------+-------+---------+---------+-------
      Total |      59 |       3 |   4.8 |      37 |       1 |   2.6
            +---------+---------+-------+---------+---------+-------
        D:1 |      40 |       3 |   7.0 |      24 |       1 |   4.0
        D:2 |      19 |       0 |   0.0 |      13 |       0 |   0.0
            +---------+---------+-------+---------+---------+-------
